 Dungeon Crawl Stone Soup version 0.31.0-11-ge490571c62 (webtiles) character file.

Game seed: 6921113063764549084

51 Arctor the Magician (level 3, -5/19 HPs)
             Began as a Deep Elf Fire Elementalist on Feb 3, 2024.
             Slain by Sigmund
             ... wielding a +0 scythe
              (8 damage)
             ... on level 2 of the Dungeon.
             The game lasted 00:01:11 (1709 turns).

Arctor the Magician (Deep Elf Fire Elementalist)    Turns: 1709, Time: 00:01:11

Health: -5/19      AC:  3    Str:  5    XL:     3   Next: 57%
Magic:  4/10       EV: 13    Int: 21    God:
Gold:   68         SH:  0    Dex: 15    Spells: 6/9 levels left

rFire   + . .        (no weapon)
rCold   . . .        (no shield)
rNeg    . . .        e - +1 robe {rF+}
rPois   .            (no helmet)
rElec   .            (no cloak)
rCorr   .            (no gloves)
SInv    .            (no boots)
Will    .....        (no amulet)
Stlth   +            c - ring of wizardry
HPRegen 0.23/turn    (no ring)
MPRegen 0.12/turn

%: wizardry (x1)
@: confused
A: no striking features
a: no special abilities


You were on level 2 of the Dungeon.
You visited 1 branch of the dungeon, and saw 2 of its levels.

You collected 68 gold pieces.

Inventory:

Armour
 a - a +0 robe
 e - a +1 robe of fire resistance (worn)
Jewellery
 c - a ring of wizardry (left hand)
Scrolls
 d - 2 scrolls of fear {unknown}
Potions
 b - a potion of magic
 f - a potion of curing {unknown}


   Skills:
 + Level 3.1 Dodging
 + Level 3.1 Stealth
 + Level 3.7 Spellcasting
 + Level 1.9 Conjurations
 + Level 3.6 Fire Magic


You had 6 spell levels left.
You knew the following spells:

 Your Spells              Type           Power      Damage    Failure   Level
a - Foxfire               Conj/Fire      60%        2x1d7     1%          1
b - Scorch                Fire           38%        2d6       1%          2

Your spell library contained the following spells:

 Spells                   Type           Power      Damage    Failure   Level
 Inner Flame              Hex/Fire       11%        N/A       7%          3
 Volatile Blastmotes      Fire/Tloc      22%        2d11      7%          3
 Cigotuvi's Dreadful Rot  Necr/Alch/Air  6%         N/A       8%          2
 Flame Wave               Conj/Fire      15%        2d7       16%         4
 Dispel Undead            Necr           3%         3d7       43%         4
 Martyr's Knell           Necr/Summ      3%         N/A       43%         4
 Death Channel            Necr           1%         N/A       99%         6


Dungeon Overview and Level Annotations

Branches:
Dungeon (2/15)

Altars:

Annotations:
D:2 Sigmund


Message History

The magic dart hits you!
Unknown command.
Casting: Foxfire (safe; 1% risk of failure)
Confirm with . or Enter, or press ? or * to list all spells.
Flames lash Sigmund.
Sigmund is heavily wounded.
Sigmund's fire resistance burns away.
The foxfire hits Sigmund.
Sigmund is burned terribly!
Sigmund is heavily wounded.
Sigmund casts a spell.
Sigmund flickers and vanishes!
Deactivating autopickup; reactivate with Ctrl-A.
Casting: Scorch (safe; 1% risk of failure)
Confirm with . or Enter, or press ? or * to list all spells.
You can't see any susceptible monsters within range! (Use Z to cast anyway.)
Casting: Scorch (safe; 1% risk of failure)
Confirm with . or Enter, or press ? or * to list all spells.
You can't see any susceptible monsters within range! (Use Z to cast anyway.) Unknown command.
Casting: Scorch (safe; 1% risk of failure)
Confirm with . or Enter, or press ? or * to list all spells.
You don't know that spell.
You conjure some foxfire!
A magic dart appears from out of thin air!
The magic dart hits you.
There is a strange disturbance nearby!
You are too injured to fight recklessly!
You are too injured to fight recklessly!
The foxfire hits something!
The foxfire hits something.
Something barely misses you.
You are too injured to fight recklessly!
You are too injured to fight recklessly!
You hear some strange, mumbled words.
You are confused.
You are too injured to fight recklessly!
Something hits you.
* * * LOW HITPOINT WARNING * * *
You are too injured to fight recklessly!
Something hits you!
You die...

#.....# .....#
..... ...# ... ##
# #># ..
....######.#.#####
#.....<..@)......
##.########{##.##
#


There were no monsters in sight!

Vanquished Creatures
  A gnoll (D:1)
  3 dart slugs (D:1)
  5 bats (D:1)
  An endoplasm (D:1)
  2 giant cockroaches (D:1)
  3 goblins
  3 hobgoblins (D:1)
  4 quokkas (D:1)
  2 ball pythons (D:1)
  2 frilled lizards (D:1)
  3 kobolds (D:1)
  6 rats (D:1)
35 creatures vanquished.

Vanquished Creatures (others)
  147 foxfires
147 creatures vanquished.

Grand Total: 182 creatures vanquished

Notes
Turn   | Place    | Note
-------+----------+-------------------------------------------
     0 | D:1      | Arctor the Deep Elf Fire Elementalist began the quest for
                  | the Orb.
     0 | D:1      | Reached XP level 1. HP: 10/10 MP: 6/6
     5 | D:1      | Noticed a black mamba
     8 | D:1      | Noticed a four-headed hydra
   283 | D:1      | Reached XP level 2. HP: 9/15 MP: 1/8
   289 | D:1      | Learned a level 2 spell: Scorch
   685 | D:1      | Reached XP level 3. HP: 19/19 MP: 6/9
  1605 | D:1      | Found a faded altar of an unknown god.
  1698 | D:2      | Noticed Sigmund
  1709 | D:2      | Slain by Sigmund

Illustrated notes

Levels and vault maps discovered:
D:1:      sevenhm_arrival_forest_fort_small_2, layout_loops_ring,
          shapermc_ecumenical_altar_notcrosses
D:2:      layout_loops_cross, uniq_robin, uniq_sigmund

Skill      XL: |  1  2  3 |
---------------+----------+-----
Stealth        | 3 |  3.1
Dodging        | 3 |  3.1
Spellcasting   | |  3.7
Conjurations   | |  1.9
Fire Magic     | |  3.6

Action                     || total
---------------------------++-------
  Melee: Unarmed           ||     9
   Cast: Foxfire           ||   109
         Scorch            ||     8
   Stab: Sleeping          ||     1
 Armour: Robe              ||    16
  Dodge: Dodged            ||    17
